 Dungeon Crawl Stone Soup version 0.31-a0-177-g4aa6249778 (webtiles) character file.

Game seed: 5665073347971244305

968 qw the Shooter (level 8, 0/73 HPs)
             Began as a Naga Hunter on June 18, 2023.
             Succumbed to a water moccasin's poison
             ... on level 5 of the Dungeon.
             The game lasted 00:01:31 (4386 turns).

qw the Shooter (Naga Hunter)                        Turns: 4386, Time: 00:01:31

Health: 0/73       AC:  7    Str: 13    XL:     8   Next: 15%
Magic:  8/8        EV: 10    Int: 11    God:
Gold:   745        SH:  0    Dex: 16    Spells: 7/7 levels left

rFire   . . .        Y - +1 shortbow
rCold   . . .        (shield currently unavailable)
rNeg    . . .        c - +0 leather armour
rPois   +            (no helmet)
rElec   .            l - +0 cloak
rCorr   .            g - +1 pair of gloves
SInv    +            (no barding)
Will    +....        o - amulet of faith
Stlth   ++           (no ring)
HPRegen 0.32/turn    (no ring)
MPRegen 0.11/turn

%: faith
@: lethally poisoned (0 -> -1), very slow
A: AC +2, large, see invisible, deformed body, poison resistance, slowness 2,
spit poison 1, naga tail 1
a: Spit Poison


You were on level 5 of the Dungeon.
You visited 2 branches of the dungeon, and saw 6 of its levels.

You collected 848 gold pieces.
You spent 103 gold pieces at shops.


Innate Abilities, Weirdness & Mutations

Your serpentine skin is tough. (AC +2)
You have supernaturally acute eyesight. (SInv)
Armour fits poorly on your strangely shaped body.
Your system is resistant to poisons. (rPois)
You cover ground very slowly.
You can spit poison.
You have a snake-like lower body.


   Skills:
 - Level 4.3 Fighting
 + Level 7.8 Ranged Weapons
 - Level 2.0 Armour
 - Level 2.2 Dodging
 - Level 1.5 Stealth


You had 7 spell levels left.
You didn't know any spells.
Your spell library was empty.

Inventory:

Hand Weapons
 Y - a +1 shortbow (weapon)
Armour
 c - a +0 leather armour (worn)
 g - a +1 pair of gloves (worn)
 l - a +0 cloak (worn)
 n - a +2 pair of gloves
Jewellery
 o - an amulet of faith (around neck)
Scrolls
 a - a scroll of vulnerability {unknown}
 d - 2 scrolls of identify
 e - a scroll of teleportation
Potions
 b - a potion of attraction {unknown}
 f - a potion of haste
 h - a potion of might {unknown}
 i - 2 potions of enlightenment
 j - a potion of experience {unknown}
 k - a potion of lignification {unknown}
 m - a potion of mutation {unknown}

Dungeon Overview and Level Annotations

Branches:
Dungeon (5/15)             Temple (1/1) D:5

Altars:
Ashenzari
Gozag
Kikubaaqudgha
Nemelex Xobeh
Trog
Uskayaw
Vehumet
Wu Jian
Xom
Yredelemnul
The Shining One
Lugonu

Shops:
D:2 [((=   D:4 ([((=


Message History

The water moccasin bites you. The water moccasin closely misses you.
You shoot an arrow.
The arrow barely misses the water moccasin.
The water moccasin bites you.
You are poisoned.
The water moccasin poisons you!
You shoot an arrow.
The arrow closely misses the water moccasin.
You feel very sick.
The water moccasin bites you but does no damage.
The water moccasin bites you.
You are more poisoned.
The water moccasin poisons you!
You shoot an arrow. The arrow hits the water moccasin.
The water moccasin is severely wounded.
You feel very sick. The water moccasin bites you.
You shoot an arrow. The arrow misses the water moccasin.
You feel very sick. The water moccasin barely misses you.
The water moccasin bites you!
4380 ||| READING 2 scrolls of teleportation.
As you read the scroll of teleportation, it crumbles to dust.
You feel strangely unstable.
You feel sick. The water moccasin bites you.
You shoot an arrow. The arrow hits the water moccasin.
The water moccasin is almost dead.
You feel sick. The water moccasin bites you.
The water moccasin bites you but does no damage.
You shoot an arrow. The arrow misses the water moccasin.
You feel sick. The water moccasin bites you.
You shoot an arrow. The arrow hits the water moccasin!
You kill the water moccasin!
Your surroundings suddenly seem different.
You feel sick.
There is a lethal amount of poison in your body!
You feel sick.
There is a lethal amount of poison in your body!
You feel sick.
There is a lethal amount of poison in your body!
You die...

......##.###..............
.......#####..%...........
.......###...#####...%.##
........##..####....####
.........#.# ##..>###
.#.........###......#
.#..................#
............##.####.####
..#.###.#..#####@......#
..#######...## #.......#
#.....####...###.......#
.####.####...#....._......
#####.####.....#.......###
#####.####.##..#.......#
### #.####.##..#.......#
.... ......##..####.####
#####.######..........


There were no monsters in sight!

Vanquished Creatures
  A water moccasin (D:5)
  An ice beast (D:5)
  An ogre (D:4)
  A centaur (D:5)
  A phantom (D:4)
  3 scorpions (D:5)
  2 iguanas (D:4)
  Natasha (thrice) (D:4)
  2 orc wizards
  4 gnolls
  3 adders
  A white imp (D:4)
  A worm (D:4)
  16 orcs
  3 bats
  6 endoplasms
  3 giant cockroaches (D:4)
  5 goblins
  5 hobgoblins
  8 jackals
  6 kobolds
  2 quokkas (D:1)
  7 ball pythons
  2 frilled lizards
  2 rats (D:1)
89 creatures vanquished.

Notes
Turn   | Place    | Note
-------+----------+-------------------------------------------
     0 | D:1      | qw the Naga Hunter began the quest for the Orb.
     0 | D:1      | Reached XP level 1. HP: 19/19 MP: 1/1
     0 | D:1      | 0 ||| qw: Version: 0.3-a-7-ge0c9b40
     0 | D:1      | 0 ||| qw: Game counter: 734
     0 | D:1      | 0 ||| qw: Always use a shield: true
     0 | D:1      | 0 ||| qw: God list: Okawaru
     0 | D:1      | 0 ||| qw: Allow faded altars: false
     0 | D:1      | 0 ||| qw: Do Orc after D:15 true
     0 | D:1      | 0 ||| qw: Do second Lair branch before Depths: true
     0 | D:1      | 0 ||| qw: Lair rune preference: random
     0 | D:1      | 0 ||| qw: Plans: Normal
     0 | D:1      | 0 ||| PLANNING D:1-11
    21 | D:1      | 21 ||| INVOKING Spit Poison.
    29 | D:1      | 29 ||| INVOKING Spit Poison.
    51 | D:1      | 51 ||| INVOKING Spit Poison.
    57 | D:1      | 57 ||| INVOKING Spit Poison.
    75 | D:1      | Reached skill level 4 in Ranged Weapons
    75 | D:1      | Reached XP level 2. HP: 26/26 MP: 2/2
    80 | D:1      | 80 ||| INVOKING Spit Poison.
    94 | D:1      | 94 ||| INVOKING Spit Poison.
    99 | D:1      | 99 ||| INVOKING Spit Poison.
   156 | D:1      | 156 ||| INVOKING Spit Poison.
   196 | D:1      | Found a faded altar of an unknown god.
   347 | D:1      | 347 ||| INVOKING Spit Poison.
   467 | D:1      | 467 ||| INVOKING Spit Poison.
   485 | D:1      | 485 ||| INVOKING Spit Poison.
   578 | D:1      | 578 ||| INVOKING Spit Poison.
   586 | D:1      | 586 ||| INVOKING Spit Poison.
   651 | D:1      | 651 ||| INVOKING Spit Poison.
   685 | D:1      | 685 ||| READING scroll labelled CORIOL BEPT.
   686 | D:1      | 686 ||| READING scroll labelled USHOHO VYCK.
   687 | D:1      | 687 ||| READING scroll labelled HULIEKK TOENUH.
   688 | D:1      | 688 ||| DROPPING scroll of butterflies.
   705 | D:2      | Found Hatrooz's Antique Weapon Emporium.
   776 | D:2      | 776 ||| INVOKING Spit Poison.
   778 | D:2      | Reached XP level 3. HP: 32/32 MP: 3/3
   786 | D:2      | Found Sizeir's Antique Armour Shop.
   790 | D:2      | 790 ||| INVOKING Spit Poison.
   797 | D:2      | 797 ||| SHOPLISTING pair of embroidered gloves (180 gold,
                  | have 30).
   899 | D:2      | 899 ||| INVOKING Spit Poison.
  1007 | D:2      | 1007 ||| INVOKING Spit Poison.
  1032 | D:2      | Found Angil's Weapon Shoppe.
  1057 | D:2      | Found Soiq's Jewellery Emporium.
  1071 | D:2      | 1071 ||| SHOPLISTING +4 ring of protection (360 gold, have
                  | 71).
  1071 | D:2      | 1071 ||| SHOPLISTING +5 ring of evasion (360 gold, have
                  | 71).
  1071 | D:2      | 1071 ||| SHOPLISTING +6 ring of strength (360 gold, have
                  | 71).
  1071 | D:2      | 1071 ||| SHOPLISTING ring "Lepic" {Ice rElec Str+3 Dex+3
                  | Stlth-} (502 gold, have 71).
  1071 | D:2      | 1071 ||| SHOPLISTING ring "Olegrilad" {rC+ AC+4} (500 gold,
                  | have 71).
  1071 | D:2      | 1071 ||| SHOPLISTING ring of ice (250 gold, have 71).
  1071 | D:2      | 1071 ||| SHOPLISTING ring of resist corrosion (200 gold,
                  | have 71).
  1441 | D:2      | 1441 ||| READING scroll labelled JECUSO JIOQ.
  1479 | D:3      | 1479 ||| INVOKING Spit Poison.
  1484 | D:3      | 1484 ||| INVOKING Spit Poison.
  1503 | D:3      | 1503 ||| INVOKING Spit Poison.
  1506 | D:3      | 1506 ||| INVOKING Spit Poison.
  1513 | D:3      | Reached skill level 5 in Ranged Weapons
  1513 | D:3      | Reached XP level 4. HP: 30/39 MP: 4/4
  1513 | D:3      | 1513 ||| INVOKING Spit Poison.
  1516 | D:3      | 1516 ||| INVOKING Spit Poison.
  1521 | D:3      | 1521 ||| INVOKING Spit Poison.
  1637 | D:3      | Found a basalt altar of Yredelemnul.
  1671 | D:3      | 1671 ||| INVOKING Spit Poison.
  1688 | D:3      | 1688 ||| INVOKING Spit Poison.
  1711 | D:3      | 1711 ||| INVOKING Spit Poison.
  1745 | D:3      | 1745 ||| INVOKING Spit Poison.
  1908 | D:3      | 1908 ||| UPGRADING to +0 pair of gloves.
  1913 | D:3      | 1913 ||| READING scroll labelled DASOJO QUWAAGG.
  1914 | D:3      | 1914 ||| READING scroll labelled QEOPAPOUSU.
  1915 | D:3      | 1915 ||| READING 2 scrolls of identify.
  1915 | D:3      | 1915 ||| IDENTIFYING blue potion
  1992 | D:4      | Found Istowk's Weapon Shoppe.
  2004 | D:4      | 2004 ||| INVOKING Spit Poison.
  2047 | D:4      | Found Adumiysh's Weapon Shop.
  2054 | D:4      | Noticed Natasha
  2056 | D:4      | 2056 ||| INVOKING Spit Poison.
  2061 | D:4      | 2061 ||| INVOKING Spit Poison.
  2062 | D:4      | Killed Natasha
  2063 | D:4      | Reached skill level 3 in Fighting
  2104 | D:4      | 2104 ||| INVOKING Spit Poison.
  2107 | D:4      | Reached XP level 5. HP: 49/49 MP: 5/5
  2109 | D:4      | 2109 ||| INVOKING Spit Poison.
  2114 | D:4      | 2114 ||| INVOKING Spit Poison.
  2179 | D:4      | 2179 ||| INVOKING Spit Poison.
  2185 | D:4      | 2185 ||| INVOKING Spit Poison.
  2189 | D:4      | 2189 ||| INVOKING Spit Poison.
  2211 | D:4      | 2211 ||| INVOKING Spit Poison.
  2214 | D:4      | 2214 ||| INVOKING Spit Poison.
  2285 | D:4      | Noticed Natasha
  2288 | D:4      | 2288 ||| INVOKING Spit Poison.
  2291 | D:4      | 2291 ||| INVOKING Spit Poison.
  2298 | D:4      | 2298 ||| INVOKING Spit Poison.
  2298 | D:4      | Killed Natasha
  2458 | D:4      | Found Naavvoih's Antique Armour Boutique.
  2466 | D:4      | Noticed a phantom
  2477 | D:4      | Killed a phantom
  2478 | D:4      | Reached skill level 6 in Ranged Weapons
  2478 | D:4      | Reached XP level 6. HP: 43/56 MP: 6/6
  2529 | D:4      | 2529 ||| BUYING cloak (103 gold).
  2529 | D:4      | Bought a cloak for 103 gold pieces
  2529 | D:4      | 2529 ||| SHOPLISTING glowing scarf (184 gold, have 124).
  2687 | D:4      | Found Utsebymm's Antique Weapon Shoppe.
  2695 | D:4      | 2695 ||| SHOPLISTING dazzling shortbow (240 gold, have
                  | 133).
  2704 | D:4      | Found Acloh's Jewellery Shoppe.
  2716 | D:4      | 2716 ||| READING scroll of enchant armour.
  2716 | D:4      | 2716 ||| ENCHANTING +0 pair of gloves.
  2723 | D:4      | 2723 ||| SHOPLISTING +6 ring of strength (468 gold, have
                  | 137).
  2723 | D:4      | 2723 ||| SHOPLISTING amulet of regeneration (390 gold, have
                  | 137).
  2723 | D:4      | 2723 ||| SHOPLISTING amulet of the acrobat (390 gold, have
                  | 137).
  2723 | D:4      | 2723 ||| SHOPLISTING ring of Qetag {*Slow rF+ Int+7 Dex+2}
                  | (588 gold, have 137).
  2723 | D:4      | 2723 ||| SHOPLISTING ring of willpower (325 gold, have
                  | 137).
  2750 | D:4      | 2750 ||| INVOKING Spit Poison.
  2795 | D:4      | Noticed Natasha
  2796 | D:4      | 2796 ||| INVOKING Spit Poison.
  2799 | D:4      | 2799 ||| INVOKING Spit Poison.
  2800 | D:4      | Killed Natasha
  2976 | D:4      | 2976 ||| INVOKING Spit Poison.
  2981 | D:4      | 2981 ||| INVOKING Spit Poison.
  3130 | D:4      | 3130 ||| INVOKING Spit Poison.
  3133 | D:4      | 3133 ||| INVOKING Spit Poison.
  3138 | D:4      | 3138 ||| INVOKING Spit Poison.
  3219 | D:4      | 3219 ||| INVOKING Spit Poison.
  3244 | D:4      | 3244 ||| UPGRADING to +0 cloak.
  3249 | D:4      | 3249 ||| UPGRADING to amulet of faith.
  3254 | D:4      | 3254 ||| DROPPING +6 ring of intelligence.
  3255 | D:4      | 3255 ||| READING scroll labelled SOIRO QUFOVAKH.
  3256 | D:4      | 3256 ||| READING 2 scrolls labelled NISMIYTZ ANUFO.
  3257 | D:4      | 3257 ||| READING scroll labelled ABIECV QEOZAKOTAG.
  3257 | D:4      | Identified a scroll of acquirement
  3257 | D:4      | 3257 ||| ACQUIRING 522 gold pieces
  3257 | D:4      | Acquired 522 gold pieces
  3259 | D:4      | 3259 ||| DRINKING 2 amethyst potions.
  3260 | D:4      | 3260 ||| DRINKING 3 fizzy sapphire potions.
  3261 | D:4      | 3261 ||| DROPPING scroll of noise.
  3268 | D:5      | Entered Level 5 of the Dungeon
  3269 | D:5      | 3269 ||| INVOKING Spit Poison.
  3272 | D:5      | 3272 ||| STAIRDANCE
  3307 | D:5      | 3307 ||| INVOKING Spit Poison.
  3308 | D:5      | 3308 ||| STAIRDANCE
  3313 | D:4      | 3313 ||| INVOKING Spit Poison.
  3315 | D:4      | HP: 14/58 [gnoll/+0 club (5)]
  3318 | D:4      | 3318 ||| INVOKING Spit Poison.
  3319 | D:4      | Reached XP level 7. HP: 15/66 MP: 7/7
  3484 | D:5      | 3484 ||| STAIRDANCE
  3486 | D:4      | 3486 ||| INVOKING Spit Poison.
  3535 | D:5      | 3535 ||| STAIRDANCE
  3569 | D:5      | 3569 ||| INVOKING Spit Poison.
  3571 | D:5      | 3571 ||| STAIRDANCE
  3613 | D:5      | 3613 ||| STAIRDANCE
  3660 | D:5      | 3660 ||| INVOKING Spit Poison.
  3661 | D:5      | 3661 ||| INVOKING Spit Poison.
  3662 | D:5      | 3662 ||| STAIRDANCE
  3724 | D:5      | 3724 ||| INVOKING Spit Poison.
  3725 | D:5      | 3725 ||| STAIRDANCE
  3762 | D:5      | 3762 ||| STAIRDANCE
  3809 | D:5      | 3809 ||| INVOKING Spit Poison.
  3811 | D:5      | 3811 ||| STAIRDANCE
  3885 | D:5      | 3885 ||| STAIRDANCE
  3936 | D:5      | 3936 ||| INVOKING Spit Poison.
  3990 | D:5      | Found a hide-covered altar of Uskayaw.
  4027 | D:5      | 4027 ||| INVOKING Spit Poison.
  4028 | D:5      | Reached skill level 7 in Ranged Weapons
  4035 | D:5      | 4035 ||| INVOKING Spit Poison.
  4071 | D:5      | Found a staircase to the Ecumenical Temple.
  4073 | D:5      | 4073 ||| PLANNING TEMPLE
  4079 | Temple   | Entered the Ecumenical Temple
  4115 | Temple   | 4115 ||| PLANNING D:1-11
  4186 | D:5      | 4186 ||| INVOKING Spit Poison.
  4190 | D:5      | 4190 ||| INVOKING Spit Poison.
  4192 | D:5      | 4192 ||| DRINKING potion of curing.
  4192 | D:5      | 4192 ||| (to cure confusion)
  4194 | D:5      | 4194 ||| INVOKING Spit Poison.
  4283 | D:5      | 4283 ||| INVOKING Spit Poison.
  4289 | D:5      | 4289 ||| INVOKING Spit Poison.
  4293 | D:5      | 4293 ||| INVOKING Spit Poison.
  4296 | D:5      | 4296 ||| INVOKING Spit Poison.
  4361 | D:5      | 4361 ||| INVOKING Spit Poison.
  4362 | D:5      | Reached XP level 8. HP: 73/73 MP: 8/8
  4379 | D:5      | HP: 18/73 [water moccasin (8)]
  4380 | D:5      | 4380 ||| READING 2 scrolls of teleportation.
  4381 | D:5      | HP: 7/73 [water moccasin (5)]
  4382 | D:5      | HP: 3/73 [water moccasin (2)]
  4385 | D:5      | HP: 1/73 [poisoned by a water moccasin]
  4386 | D:5      | Succumbed to a water moccasin's poison

Levels and vault maps discovered:
D:1:      ldierk_walled_garden, layout_basic, hellmonk_ecumenical_altar_zigzags
D:2:      layout_basic, serial_shops, shop, shop, nicolae_shop_hallway_plus,
          nicolae_shop_tiny_waterfront
D:3:      layout_rooms, nicolae_overflow_crystal_walls
D:4:      layout_loops_corners, serial_shops, shop, shop, shop,
          nicolae_shop_stone, nicolae_shop_advertising_works
          [nicolae_subvault_shop_adworks], uniq_natasha
D:5:      layout_cave_pools, mainiacjoe_overflow_big_doors,
          nicolae_uskayaw_murder_on_the_dancefloor,
          minmay_temple_entry_overgrown, reono_crystal_passage
Temple:   corrupted_temple

Skill      XL: |  1  2  3  4  5  6  7 |
---------------+----------------------+-----
Ranged Weapons | 4 5 6 7 |  7.8
Fighting       | 3 4 |  4.3
Dodging        | 2 |  2.2
Armour         | 2 |  2.0
Stealth        | |  1.5

Action                     |  1- 3 |  4- 6 |  7- 9 || total
---------------------------+-------+-------+-------++-------
   Fire: Shortbow          |    51 |    97 |    56 ||   204
Ability: Spit Poison       |    22 |    34 |    16 ||    72
    Use: Scroll            |     4 |     7 |     1 ||    12
         Potion            |       |     2 |     1 ||     3
 Armour: Leather armour    |     1 |    17 |    14 ||    32
  Dodge: Dodged            |    14 |    33 |    26 ||    73

Table legend:
 A = Non-vault XP
 B = Vault XP
 C = Vault XP percentage of total XP
 D = Non-vault monster count
 E = Vault monster count
 F = Vault count percentage of total count
                 A         B        C        D         E       F
            +---------+---------+-------+---------+---------+-------
      Total |    1347 |      36 |   2.6 |      88 |       1 |   1.1
            +---------+---------+-------+---------+---------+-------
        D:1 |      32 |       0 |   0.0 |      19 |       0 |   0.0
        D:2 |      23 |       0 |   0.0 |       7 |       0 |   0.0
        D:3 |      70 |       0 |   0.0 |      20 |       0 |   0.0
        D:4 |     502 |      36 |   6.7 |      28 |       1 |   3.4
        D:5 |     720 |       0 |   0.0 |      14 |       0 |   0.0
            +---------+---------+-------+---------+---------+-------
